 Dungeon Crawl Stone Soup version 0.30-a0-219-gf2db51d15e (webtiles) character file.

Game seed: 2874684270866035690

88 chippings the Insei (level 4, -17/37 HPs)
             Began as a Draconian Transmuter on Oct 7, 2022.
             Was an Initiate of Sif Muna.
             Demolished by an ogre
             ... wielding a +0 giant club
              (24 damage)
             ... on level 4 of the Dungeon.
             The game lasted 00:07:46 (2496 turns).

chippings the Insei (Draconian Transmuter)          Turns: 2496, Time: 00:07:47

Health: -17/37     AC:  5    Str: 12    XL:     4   Next: 29%
Magic:  5/7        EV: 12    Int: 15    God:    Sif Muna [......]
Gold:   155        SH:  0    Dex: 12    Spells: 1/7 levels left

rFire   . . .      SeeInvis .      - Unarmed
rCold   . . .      Faith    .    (no shield)
rNeg    . . .      Spirit   .    (body armour unavailable)
rPois   .          Reflect  .    (helmet restricted)
rElec   .          Harm     .    (no cloak)
rCorr   .          Rampage  .    (no gloves)
Will    .....                    (no boots)
Stlth   +.........               (no amulet)
HPRegen 0.26/turn                (no ring)
MPRegen 0.10/turn                (no ring)

@: no status effects
A: AC +5, unfitting armour, cold-blooded
a: Renounce Religion


You were on level 4 of the Dungeon.
You worshipped Sif Muna.
Sif Muna was noncommittal.
You visited 1 branch of the dungeon, and saw 4 of its levels.

You collected 155 gold pieces.

Inventory:

Hand Weapons
 b - a +2 vampiric short sword
Armour
 l - a +2 tower shield
Magical Staves
 i - a staff of air
Scrolls
 e - a scroll of magic mapping {unknown}
 h - 2 scrolls of enchant armour
 j - a scroll of brand weapon {unknown}
 k - a scroll of teleportation {unknown}
Potions
 a - a potion of lignification
 c - a potion of mutation {unknown}
 d - 2 potions of flight {unknown}
 f - a potion of experience {unknown}
 g - 2 potions of degeneration {unknown}


   Skills:
 + Level 2.6 Fighting
 - Level 2.0 Dodging
 + Level 3.7 Unarmed Combat
 - Level 2.0 Spellcasting
 + Level 2.9 Transmutations
 + Level 0.5 Poison Magic
 + Level 0.6 Invocations


You had one spell level left.
You knew the following spells:

 Your Spells              Type           Power      Damage    Failure   Level
a - Beastly Appendage     Tmut           20%        N/A       7%          1
b - Wereblood             Tmut           10%        N/A       11%         2
c - Spider Form           Tmut/Pois      6%         N/A       32%         3

Your spell library contained the following spells:

 Spells                   Type           Power      Damage    Failure   Level
 Sandblast                Erth           2%         2d4       22%         1
 Passwall                 Tmut/Erth      4%         N/A       19%         2
 Ignite Poison            Fire/Tmut/Pois 4%         N/A       38%         3
 Gell's Gravitas          Tloc           1%         N/A       54%         3
 Kindle Blastsparks       Fire/Tloc/Air  2%         2d10      54%         3
 Lesser Beckoning         Tloc           2%         N/A       54%         3
 Stone Arrow              Conj/Erth      2%         3d7       54%         3
 Teleport Other           Tloc           1%         N/A       54%         3
 Ice Form                 Ice/Tmut       5%         N/A       77%         4
 Freezing Cloud           Conj/Ice/Air   0%         6-21      99%         5


Dungeon Overview and Level Annotations

Branches:
Dungeon (4/15)
 Temple: D:4-7

Altars:
Nemelex Xobeh
Sif Muna
Trog

Shops:
D:3 :


Innate Abilities, Weirdness & Mutations

Your plain brown scales are hard. (AC +5)
You cannot fit into any form of body armour.
You are cold-blooded and may be slowed by cold attacks.


Message History

You howl as the wereblood boils in your veins!
You hear an angry hiss. x2
The adder closely misses you.
You closely miss the adder.
Your primal bloodlust is almost over.
The adder barely misses you.
You hit the quokka.
The quokka is severely wounded.
Your horns disappear.
Your talons disappear.
The adder bites you.
The quokka bites you but does no damage.
The adder barely misses you.
You hit the quokka.
You feel a bit better.
You kill the quokka!
Sif Muna accepts your kill.
You howl as the wereblood boils in your veins!
You hear a shout!
The adder closely misses you.
You punch the adder!
The adder is heavily wounded.
The adder bites you but does no damage.
An ogre comes into view. It is wielding a +0 giant club.
You hit the adder.
The adder is almost dead.
The adder barely misses you.
You hit the adder.
You feel a bit better.
You kill the adder!
Sif Muna accepts your kill.
You howl as the wereblood boils in your veins!
You climb upwards.
You howl as the wereblood boils in your veins!
Your primal bloodlust has ended.
There is a stone staircase leading down here.
You climb downwards.
The iguana bites you! x2
There is a stone staircase leading up, spattered with blood here.
The iguana bites you!
* * * LOW HITPOINT WARNING * * *
The ogre hits you with a +0 giant club!!
Ouch! That really hurt!
You die...

.. .....$. #.
....... . #.##
....... #.
##..####...$..
#..##...........##.
##.....<...........
.........O.........
#..>....@..?.....
#......l†........
#.............<..
#................
##...............
.................
#................?
##..........#.#..#


You could see an ogre and an iguana.

Vanquished Creatures
  3 adders
  2 worms (D:2)
  2 orcs (D:3)
  3 endoplasms
  6 goblins
  4 hobgoblins
  7 quokkas
  4 ball pythons
  5 bats
  5 frilled lizards
  4 kobolds
  8 rats
53 creatures vanquished.

Notes
Turn   | Place    | Note
-------+----------+-------------------------------------------
     0 | D:1      | chippings the Draconian Transmuter began the quest for the
                  | Orb.
     0 | D:1      | Reached XP level 1. HP: 16/16 MP: 3/3
   654 | D:1      | Reached XP level 2. HP: 19/23 MP: 3/5
   704 | D:1      | Learned a level 2 spell: Wereblood
   736 | D:1      | Found a faded altar of an unknown god.
  1165 | D:2      | Reached XP level 3. HP: 29/29 MP: 4/6
  1708 | D:3      | Found a sparkling altar of Nemelex Xobeh.
  1765 | D:3      | Found a shimmering blue altar of Sif Muna.
  1794 | D:3      | Became a worshipper of Sif Muna the Loreminder
  1828 | D:3      | Found Jicw's Book Emporium.
  2165 | D:3      | Learned a level 3 spell: Spider Form
  2315 | D:3      | Found a bloodstained altar of Trog.
  2483 | D:4      | Reached XP level 4. HP: 37/37 MP: 3/7
  2489 | D:4      | Noticed an ogre
  2496 | D:4      | Demolished by an ogre

Illustrated notes

Levels and vault maps discovered:
D:1:      minmay_arrival_stone_box, layout_basic, ebering_ecumenical_altar_box,
          corexii_item_surrounded_by_moat, nicolae_figureground_pulse
D:2:      layout_rooms, minmay_tree_intersection
D:3:      layout_loops_corners, trog_butcher_becter,
          nicolae_sif_muna_condensation,
          mainiacjoe_overflow_concentric_impassable, serial_shops, shop,
          amethyst_killhole, kennysheep_another_room, kennysheep_generic_room_11
D:4:      layout_rooms, xom_teletrap_fun, minmay_temple_entry_stoned_glass,
          minmay_misc_feat_ornament, uniq_sigmund, uniq_crazy_yiuf_cottage,
          uniq_eustachio

Skill      XL: |  1  2 |
---------------+-------+-----
Dodging        | 2 |  2.0
Fighting       | 2 |  2.6
Unarmed Combat | |  3.7
Spellcasting   | |  2.0
Transmutations | |  2.9
Poison Magic   | |  0.5
Invocations    | |  0.6

Action                   |  1- 3 |  4- 6 || total
-------------------------+-------+-------++-------
Melee: Unarmed           |   127 |     7 ||   134
       Kick              |    16 |       ||    16
       Tailslap          |    10 |       ||    10
       Headbutt          |     8 |       ||     8
       Punch             |     1 |       ||     1
 Cast: Beastly Appendage |    22 |       ||    22
       Wereblood         |     4 |       ||     4
  Use: Scroll            |     3 |       ||     3
 Stab: Distracted        |     1 |       ||     1
Armor: Skin              |    28 |     2 ||    30
Dodge: Dodged            |    74 |     5 ||    79

Table legend: (Time is in decaauts)
 A = Elapsed time spent in this place.
 B = Non-inter-level travel time spent in this place.
 C = Inter-level travel time spent in this place.
 D = Time resting spent in this place.
 E = Time spent auto-exploring this place.
 F = Levels seen in this place.
 G = Mean time per level.
                   A        B        C        D        E       F      G
               +--------+--------+--------+--------+--------+-----+--------+
         Total |   2489 |   2462 |     27 |      0 |   1821 |   4 |  622.2 |
       Dungeon |   2489 |   2462 |     27 |      0 |   1821 |   4 |  622.2 |
               +--------+--------+--------+--------+--------+-----+--------+

Top non-repeatable levels by time:
     D:1: 990 daAuts
     D:3: 800 daAuts
     D:2: 669 daAuts
     D:4: 30 daAuts
